 Dungeon Crawl Stone Soup version 0.30-a0-591-g3c58d2bc28 (webtiles) character file.

Game seed: 9218235626449437780

178 wormed the Changer (level 5, -1/33 HPs)
             Began as an Octopode Transmuter on Jan 4, 2023.
             Slain by a howler monkey (3 damage)
             ... on level 5 of the Dungeon.
             The game lasted 00:04:44 (3351 turns).

wormed the Changer (Octopode Transmuter)            Turns: 3351, Time: 00:04:44

Health: -1/33      AC:  1    Str:  9    XL:     5   Next: 58%
Magic:  7/10       EV: 13    Int: 18    God:
Gold:   232        SH:  0    Dex: 12    Spells: 3/10 levels left

rFire   . . .      SeeInvis .      - Unarmed
rCold   . . .      Faith    .    (no shield)
rNeg    . . .      Spirit   .    (helmet currently unavailable)
rPois   .          Reflect  .    (no amulet)
rElec   .          Harm     .    (no ring)
rCorr   .          Rampage  .    (no ring)
Will    .....                    (no ring)
Stlth   ++                       (no ring)
HPRegen 0.25/turn                (no ring)
MPRegen 0.12/turn                (no ring)
                                 (no ring)
                                 (no ring)

@: appendages (expiring)
A: tentacle spike 3, almost no armour, amphibious, 8 rings, camouflage 1,
gelatinous body 1, (nimble swimmer 1), tentacles
a: End Transformation


You were on level 5 of the Dungeon.
One of your tentacles had grown a beastly spike.
You visited 1 branch of the dungeon, and saw 5 of its levels.

You collected 232 gold pieces.

Inventory:

Wands
 i - a wand of flame (12) (quivered)
Scrolls
 d - a scroll of fear
 h - a scroll of fog
 j - 2 scrolls of teleportation
 n - 3 scrolls of magic mapping
Potions
 a - a potion of lignification
 b - a potion of attraction
 c - 2 potions of brilliance
 e - 2 potions of curing
 f - a potion of degeneration {unknown}
 g - a potion of ambrosia {unknown}
 k - a potion of heal wounds {unknown}
 l - 2 potions of might {unknown}
 m - a potion of berserk rage {unknown}


   Skills:
 - Level 1.0 Fighting
 - Level 2.0 Dodging
 - Level 3.0 Unarmed Combat
 + Level 3.3 Spellcasting
 + Level 3.5 Transmutations
 + Level 2.8 Ice Magic


You had 3 spell levels left.
You knew the following spells:

 Your Spells              Type           Power      Damage    Failure   Level
a - Beastly Appendage     Tmut           30%        N/A       3%          1
b - Wereblood             Tmut           15%        N/A       5%          2
c - Ice Form              Ice/Tmut       14%        N/A       38%         4

Your spell library contained the following spells:

 Spells                   Type           Power      Damage    Failure   Level
 Spider Form              Tmut/Pois      9%         N/A       22%         3


Dungeon Overview and Level Annotations

Branches:
Dungeon (5/15)
 Temple: D:4-7

Altars:
Dithmenos
Hepliaklqana

Shops:
D:4 [


Innate Abilities, Weirdness & Mutations

One of your tentacles has grown a beastly spike.
You cannot wear most types of armour.
You are amphibious.
You can wear up to eight rings at the same time.
Your skin changes colour to match your surroundings (Stealth+).
Your rubbery body absorbs attacks. (AC +1, EV +1)
((You are camouflaged when in or above water. (Stealth+)))
You have tentacles for arms and can constrict up to eight enemies at once.


Message History

You constrict Ijyb, but do no damage. Ijyb hits you with a +0 dagger.
The howler monkey closely misses you.
You tentacle-slap Ijyb.
You pierce Ijyb.
Ijyb is severely wounded.
You constrict Ijyb.
Ijyb screams, "No!
No, no, no, no!"
Ijyb hits you with a +0 dagger. The howler monkey hits you.
You tentacle-slap Ijyb.
You pierce Ijyb.
You kill Ijyb!
The howler monkey hits you.
Your magical contamination has completely faded away.
You tentacle-slap the howler monkey. Your grab misses the howler monkey.
Your tentacle spike misses the howler monkey.
The howler monkey is moderately wounded.
Your transformation is almost over.
The howler monkey hoots and howls with incredible vigour!
You hear an angry hiss. x2; You hear a shout! x3; You hear an angry hiss.
You hear a shout! x2; You hear an angry hiss.
You tentacle-slap the howler monkey. Your grab misses the howler monkey.
Your tentacle spike misses the howler monkey.
The howler monkey is moderately wounded.
The howler monkey hits you.
You barely miss the howler monkey. You grab the howler monkey.
You pierce the howler monkey.
The howler monkey is heavily wounded.
You constrict the howler monkey. The howler monkey hits you. x2
* * * LOW HITPOINT WARNING * * *
You completely miss the howler monkey.
Your tentacle spike misses the howler monkey.
Your squeeze misses the howler monkey.
The howler monkey is heavily wounded.
You constrict the howler monkey. The howler monkey hits you.
* * * LOW HITPOINT WARNING * * *
Aiming: Throw Flame
Press: ? - help, Q - select action, (/) - cycle Shift-Dir - straight line, f - howler monkey
Aim: a howler monkey (severely wounded, constricted by you, 100% to hit)
The puff of flame hits the howler monkey.
The howler monkey is severely wounded.
You constrict the howler monkey. The howler monkey hits you.
You die...

.. .. .
.####. .
......
.##....
#####.....
##.......#
#......h.#
#...@#
#..).#
#.....
##[....
#......
###....#
##.### ##


You could see a howler monkey.

Vanquished Creatures
  A hound (D:4)
  Ijyb (D:5)
  An orc wizard (D:4)
  3 gnolls (D:2)
  An adder (D:3)
  A worm (D:3)
  8 orcs
  3 ball pythons
  3 endoplasms
  A giant cockroach (D:2)
  6 goblins
  3 hobgoblins
  4 quokkas
  4 bats
  3 frilled lizards
  2 kobolds
  6 rats
51 creatures vanquished.

Vanquished Creatures (others)
  A fungus (D:5)
  2 plants (D:2)
3 creatures vanquished.

Grand Total: 54 creatures vanquished

Notes
Turn   | Place    | Note
-------+----------+-------------------------------------------
     0 | D:1      | wormed the Octopode Transmuter began the quest for the Orb.
     0 | D:1      | Reached XP level 1. HP: 13/13 MP: 3/3
   384 | D:1      | Reached XP level 2. HP: 11/18 MP: 3/5
   779 | D:2      | Reached skill level 1 in Ice Magic
   962 | D:2      | Reached XP level 3. HP: 10/23 MP: 4/6
  1504 | D:3      | Reached XP level 4. HP: 28/28 MP: 6/8
  1523 | D:3      | Learned a level 2 spell: Wereblood
  1528 | D:3      | Learned a level 4 spell: Ice Form
  1555 | D:3      | Found a faded altar of an unknown god.
  2785 | D:4      | Reached XP level 5. HP: 24/33 MP: 7/9
  3117 | D:4      | Found Judicwi's Antique Armour Shoppe.
  3260 | D:4      | Found a hazy altar of Hepliaklqana.
  3265 | D:4      | Found a shadowy altar of Dithmenos.
  3265 | D:4      | Noticed a shadow
  3336 | D:5      | Entered Level 5 of the Dungeon
  3336 | D:5      | Noticed Ijyb
  3346 | D:5      | Killed Ijyb
  3351 | D:5      | Slain by a howler monkey

Illustrated notes

Levels and vault maps discovered:
D:1:      lightli_arrival_farm, layout_basic
D:2:      layout_rooms, serial_forest, infiniplex_forest_clump_diagonal,
          infiniplex_forest_lined_room_2, infiniplex_forest_clump_tiny,
          infiniplex_forest_lined_1, infiniplex_forest_clump_diagonal,
          infiniplex_forest_diagonal, infiniplex_forest_zigzag_2,
          kennysheep_decorative_pillar, patterned_corridor
D:3:      layout_basic, hellmonk_ecumenical_altar_inner_sanctum
D:4:      layout_basic, riverfiend_overflow_shadow_ancestor, serial_shops,
          nicolae_shop_overgrown_old_shop, minmay_misc_feat_chi
D:5:      layout_cave_pools, lightli_sewer_entry_pipes, serial_shops,
          nicolae_diamond_shop, shop, shop_fountains, kennysheep_mini,
          kennysheep_mini_moat, dreamdust_mushroom_princess,
          lightli_corner_chamber, uniq_menkaure, uniq_ijyb

Skill      XL: |  1  2  3  4 |
---------------+-------------+-----
Ice Magic      | 1 2 |  2.8
Transmutations | 3 |  3.5
Spellcasting   | 3 |  3.3
Fighting       | |  1.0
Dodging        | |  2.0
Unarmed Combat | |  3.0

Action                   |  1- 3 |  4- 6 || total
-------------------------+-------+-------++-------
Melee: Unarmed           |    48 |    59 ||   107
       Constrict         |    11 |    15 ||    26
       Kick              |    13 |    18 ||    31
       Tentacles         |     4 |     8 ||    12
       Punch             |     1 |     2 ||     3
 Cast: Beastly Appendage |    15 |    18 ||    33
       Wereblood         |       |     7 ||     7
Evoke: Wand              |     3 |     1 ||     4
  Use: Potion            |     1 |       ||     1
       Scroll            |       |     7 ||     7
 Stab: Sleeping          |     5 |     3 ||     8
Armor: Skin              |    16 |     2 ||    18
Dodge: Dodged            |    19 |    25 ||    44

Table legend: (Time is in decaauts)
 A = Elapsed time spent in this place.
 B = Non-inter-level travel time spent in this place.
 C = Inter-level travel time spent in this place.
 D = Time resting spent in this place.
 E = Time spent auto-exploring this place.
 F = Levels seen in this place.
 G = Mean time per level.
                   A        B        C        D        E       F      G
               +--------+--------+--------+--------+--------+-----+--------+
         Total |   3344 |   3280 |     64 |    202 |   2648 |   5 |  668.8 |
       Dungeon |   3344 |   3280 |     64 |    202 |   2648 |   5 |  668.8 |
               +--------+--------+--------+--------+--------+-----+--------+

Top non-repeatable levels by time:
     D:3: 948 daAuts
     D:4: 899 daAuts
     D:1: 774 daAuts
     D:2: 706 daAuts
     D:5: 14 daAuts
